 Dungeon Sprint DCSS version 0.20-a0-833-gc632bec (webtiles) character file.

10200000 esc the Formicid Barricade (level 27, 0/249 HPs)
             Began as a Formicid Fighter on Mar 7, 2017.
             Was the Champion of Makhleb.
             Killed by divine providence
             ... invoked by an observer
              (10 damage)
             ... in the Dungeon (Sprint VIII: "Arena of Blood").
             The game lasted 00:03:50 (102 turns).

esc the Formicid Barricade (Formicid Fighter)        Turns: 102, Time: 00:03:51

Health: 0/249      AC: 13    Str: 26    XL:     27
Magic:  37/54      EV: 28    Int: 12    God:    Makhleb [******]
Gold:   0          SH: 19    Dex: 14    Spells: 80/80 levels left

rFire    + . .     SeeInvis +   l - +∞ Axe of Woe
rCold    . . .     Gourm    .   b - +0 scale mail
rNeg     . . .     Faith    .   c - +0 shield
rPois    .         Spirit   .   (helmet unavailable)
rElec    .         Reflect  .   (no cloak)
rCorr    .         Harm     .   (no gloves)
MR       ++...                  (no boots)
Stlth    ++++++++..             (no amulet)
Regen    0.6/turn               (no ring)
MPRegen  0.4/turn               m - ring of protection from fire {rF+, !d}

@: no status effects
A: permanent stasis, dig shafts and tunnels, four strong arms, antennae 3
a: Dig, Minor Destruction, Lesser Servant of Makhleb, Major Destruction, Greater
Servant of Makhleb, Renounce Religion


You were in the Dungeon.
You worshipped Makhleb.
Makhleb was exalted by your worship.
You were not hungry.

You visited 1 branch

Inventory:

Hand Weapons
 a - a +0 war axe
 l - the +∞ Axe of Woe (weapon)
   (You found it in the Dungeon)
Armour
 b - a +0 scale mail (worn)
 c - a +0 shield (worn)
Jewellery
 m - a ring of protection from fire (left hand) {rF+, !d}
   (You found it in the Dungeon)
Scrolls
 k - a scroll of blinking {!r}
Potions
 d - a potion of might
 e - a potion of curing
 g - a potion of heal wounds
 h - a potion of haste
 i - 2 potions of magic
 j - a potion of berserk rage {!q}
Comestibles
 f - a bread ration {@e1}


   Skills:
 O Level 27 Fighting
 O Level 27 Axes
 O Level 27 Throwing
 O Level 27 Armour
 O Level 27 Dodging
 O Level 27 Stealth
 O Level 27 Shields
 O Level 27 Unarmed Combat
 O Level 27 Spellcasting
 O Level 27 Invocations


You had 80 spell levels left.
You didn't know any spells.

Dungeon Overview and Level Annotations

Branches:
Dungeon (1/1)

Altars:
Makhleb

Annotations:
D The Defiler


Innate Abilities, Weirdness & Mutations

You cannot be hasted, slowed, berserked, paralysed or teleported.
You can dig through walls and to a lower floor.
Your four strong arms can wield two-handed weapons with a shield.
You have a pair of large antennae on your head. (SInv)


Message History

You are engulfed in blazing flames.
You resist.
You hear a shout! x2
The meat berserker is engulfed in blazing flames.
You hear a shout! x2
A great orb of eyes and a hell beast come into view.
You regained 46 hp, and now have 131/249 hp.
The observer turns its gaze towards you.
You slice the wretched soul!!
You cleave the wretched soul in twain.
You destroy the wretched soul!
Makhleb accepts your kill.
You feel better.
You dice the meat berserker like an onion!!!
You cleave the meat berserker in twain.
You kill the meat berserker!
Makhleb accepts your kill.
You feel better.
You are engulfed in blazing flames.
You resist.
You hear a shout! x2
The meat beast is engulfed in blazing flames.
You hear a shout! x2
You regained 114 hp, and now have 245/249 hp.
Unknown command.
You slice the meat beast!!
You pulverise the meat beast into a thin bloody mist.
You kill the meat beast!
Makhleb accepts your kill.
You feel better.
You are engulfed in blazing flames.
You resist.
You hear a shout!
The eight-headed meat hydra calls on the powers of darkness!
The eight-headed meat hydra convulses!
The bag of meat convulses!
Your body is wracked with pain!
You hear a shout! x2
The accursed gestures at you while chanting.
Something smites you!
You hear a shout! x2
The observer gazes at you. Something smites you!
You hear a shout!
A meat berserker comes into view. It is wielding a +9 battleaxe.
You take 149 damage, and have 96/249 hp.
MASSIVE DAMAGE!!
You carve the bag of meat like a ham!!!
You butcher the bag of meat messily.
You kill the bag of meat!
Makhleb accepts your kill.
You feel better.
You are engulfed in blazing flames.
You resist.
You hear a shout! x3
The Defiler appears out of thin air!
Edmund the Younger comes into view.
He is wielding a +9 demon whip of slashing.
The eight-headed meat hydra calls on the powers of darkness!
The eight-headed meat hydra convulses!
Your body is wracked with pain!
* * * LOW HITPOINT WARNING * * *
The observer gazes at you.
The fireball explodes!
The fireball engulfs you! You resist.
* * * LOW HITPOINT WARNING * * *
You hear a shout!
The observer appears out of thin air!
An observer comes into view.
The observer turns its gaze towards you.
You take 30 damage, and have 66/249 hp.
Unknown command.
Unknown command.
Unknown command.
You are engulfed in blazing flames.
You resist.
* * * LOW HITPOINT WARNING * * *
You hear a shout! x4
The accursed points at you and mumbles some strange words.
Something smites you!
* * * LOW HITPOINT WARNING * * *
The observer gazes at you. Something smites you!
* * * LOW HITPOINT WARNING * * *
You hear a shout! x3
The observer pulsates ominously.
The observer gazes at you.
The fireball explodes!
The fireball engulfs you! You resist.
* * * LOW HITPOINT WARNING * * *
You hear a shout!
The observer appears out of thin air!
An observer comes into view.
You hear a shout!
The meat berserker rages.
The observer turns its gaze towards you.
A meat berserker comes into view. It is wielding a +9 battleaxe.
Things that are here:
a +9 war axe; a +30 ring of slaying You take 51 damage, and have 15/249 hp.
MASSIVE DAMAGE!!
The Defiler shouts!
You hit the eight-headed meat hydra but do no damage.
You hew the eight-headed meat hydra savagely.
You kill the eight-headed meat hydra!
Makhleb accepts your kill.
You are engulfed in blazing flames.
You resist.
* * * LOW HITPOINT WARNING * * *
You hear a shout!
The observer pulsates ominously.
You hear a shout!
The observer gazes at you. Something smites you!
You die...

.....###......
#....#........... o..
#.......M#........ ......
#..G%%....#........#.....
#............#.... #.....
#.........#....%.###.....
#{...#%.%.............###
#))).##)@†..GG#.)......_.
#.))..#)§)..#..O....#..O.
#.))))x###..O.).))).#_.<.
#))§))##.x..#))....)#....
#..).#.....)).#....)..._.
#....#.)))))))%......)###
#.%.)).))))))..@.###....
#...W.).)))).......#.O...
#......%.2.....z...#.....


You could see an accursed, 3 observers, The Defiler, 2 meat berserkers and a
small abomination.

Vanquished Creatures
  2 hell beasts (D)
  A greater mummy (D)
  A great orb of eyes (D)
  4 wraiths (D)
  14 vampire knights (D)
  24 ogres (D)
  5 two-headed ogres (D)
  3 liches (D)
  A hydra (D)
  82 orcs (D)
  4 phantoms (D)
  7 skeletal warriors (D)
  5 large abominations (D)
  8 small abominations (D)
  3 crawling corpses (D)
164 creatures vanquished.

Vanquished Creatures (others)
  3 crawling corpses (D)
3 creatures vanquished.

Grand Total: 167 creatures vanquished

Notes
Turn   | Place    | Note
-------+----------+-------------------------------------------
     0 | D        | esc the Formicid Fighter began the quest for the Orb.
     0 | D        | Reached XP level 1. HP: 18/18 MP: 1/1
     4 | D        | Became a worshipper of Makhleb the Destroyer
     5 | D        | Noticed a bag of meat
     6 | D        | Noticed a bag of meat
     6 | D        | Noticed a bag of meat
     6 | D        | Noticed a bag of meat
     8 | D        | Killed a bag of meat
     8 | D        | Reached skill level 15 in Fighting
     8 | D        | Reached skill level 14 in Axes
     8 | D        | Reached skill level 15 in Armour
     8 | D        | Reached skill level 17 in Shields
     8 | D        | Reached XP level 2. HP: 45/45 MP: 2/2
     8 | D        | Reached XP level 3. HP: 51/51 MP: 3/3
     8 | D        | Reached XP level 4. HP: 58/58 MP: 4/4
     8 | D        | Reached XP level 5. HP: 64/64 MP: 5/5
     8 | D        | Reached XP level 6. HP: 71/71 MP: 6/6
     8 | D        | Reached XP level 7. HP: 77/77 MP: 7/7
     8 | D        | Reached XP level 8. HP: 85/85 MP: 8/8
     8 | D        | Reached XP level 9. HP: 91/91 MP: 9/9
     8 | D        | Reached XP level 10. HP: 98/98 MP: 10/10
     8 | D        | Reached XP level 11. HP: 104/104 MP: 11/11
     8 | D        | Reached XP level 12. HP: 111/111 MP: 12/12
     9 | D        | Noticed a bag of meat
     9 | D        | Noticed a meat berserker
     9 | D        | Killed a bag of meat
     9 | D        | Reached * piety under Makhleb
     9 | D        | Reached skill level 18 in Fighting
     9 | D        | Reached skill level 16 in Axes
     9 | D        | Reached skill level 18 in Armour
     9 | D        | Reached skill level 19 in Shields
     9 | D        | Reached XP level 13. HP: 122/122 MP: 13/13
     9 | D        | Killed a bag of meat
     9 | D        | Reached skill level 19 in Fighting
     9 | D        | Reached skill level 18 in Axes
     9 | D        | Reached skill level 19 in Armour
     9 | D        | Reached skill level 21 in Shields
     9 | D        | Reached XP level 14. HP: 133/133 MP: 14/14
    10 | D        | Noticed a bag of meat
    11 | D        | Noticed a bag of meat
    13 | D        | Noticed a meat berserker
    14 | D        | Killed a bag of meat
    14 | D        | Reached skill level 20 in Fighting
    14 | D        | Reached skill level 4 in Throwing
    14 | D        | Reached skill level 20 in Armour
    14 | D        | Reached skill level 4 in Dodging
    14 | D        | Reached skill level 6 in Stealth
    14 | D        | Reached skill level 4 in Unarmed Combat
    14 | D        | Reached skill level 4 in Spellcasting
    14 | D        | Reached skill level 5 in Invocations
    14 | D        | Reached XP level 15. HP: 108/141 MP: 14/22
    14 | D        | Reached ** piety under Makhleb
    14 | D        | Reached skill level 19 in Axes
    14 | D        | Reached skill level 6 in Throwing
    14 | D        | Reached skill level 6 in Dodging
    14 | D        | Reached skill level 9 in Stealth
    14 | D        | Reached skill level 22 in Shields
    14 | D        | Reached skill level 6 in Unarmed Combat
    14 | D        | Reached skill level 6 in Spellcasting
    14 | D        | Reached skill level 8 in Invocations
    14 | D        | Reached skill level 21 in Fighting
    14 | D        | Reached skill level 8 in Throwing
    14 | D        | Reached skill level 21 in Armour
    14 | D        | Reached skill level 7 in Dodging
    14 | D        | Reached skill level 10 in Stealth
    14 | D        | Reached skill level 8 in Unarmed Combat
    14 | D        | Reached skill level 8 in Spellcasting
    14 | D        | Reached skill level 10 in Invocations
    14 | D        | Reached XP level 16. HP: 152/152 MP: 14/28
    14 | D        | Killed a meat berserker
    14 | D        | Reached skill level 20 in Axes
    14 | D        | Reached skill level 10 in Throwing
    14 | D        | Reached skill level 9 in Dodging
    14 | D        | Reached skill level 13 in Stealth
    14 | D        | Reached skill level 23 in Shields
    14 | D        | Reached skill level 10 in Unarmed Combat
    14 | D        | Reached skill level 10 in Spellcasting
    14 | D        | Reached skill level 12 in Invocations
    15 | D        | Noticed a meat berserker
    17 | D        | Noticed a destroyer
    18 | D        | Noticed a meat berserker
    18 | D        | Killed a meat berserker
    18 | D        | Reached *** piety under Makhleb
    18 | D        | Reached skill level 22 in Fighting
    18 | D        | Reached skill level 12 in Throwing
    18 | D        | Reached skill level 22 in Armour
    18 | D        | Reached skill level 11 in Dodging
    18 | D        | Reached skill level 15 in Stealth
    18 | D        | Reached skill level 24 in Shields
    18 | D        | Reached skill level 12 in Unarmed Combat
    18 | D        | Reached skill level 12 in Spellcasting
    18 | D        | Reached skill level 14 in Invocations
    18 | D        | Reached XP level 17. HP: 162/162 MP: 14/33
    19 | D        | Noticed a meat berserker
    19 | D        | Noticed a meat berserker
    19 | D        | Noticed a large bag of meat
    19 | D        | Noticed a meat berserker
    20 | D        | Noticed a destroyer
    20 | D        | Noticed a meat berserker
    20 | D        | Killed a meat berserker
    20 | D        | Reached skill level 23 in Fighting
    20 | D        | Reached skill level 21 in Axes
    20 | D        | Reached skill level 13 in Throwing
    20 | D        | Reached skill level 23 in Armour
    20 | D        | Reached skill level 12 in Dodging
    20 | D        | Reached skill level 17 in Stealth
    20 | D        | Reached skill level 13 in Unarmed Combat
    20 | D        | Reached skill level 13 in Spellcasting
    20 | D        | Reached skill level 16 in Invocations
    20 | D        | Reached XP level 18. HP: 171/171 MP: 15/35
    21 | D        | Noticed a meat berserker
    21 | D        | Killed a meat berserker
    21 | D        | Reached skill level 22 in Axes
    21 | D        | Reached skill level 15 in Throwing
    21 | D        | Reached skill level 14 in Dodging
    21 | D        | Reached skill level 18 in Stealth
    21 | D        | Reached skill level 25 in Shields
    21 | D        | Reached skill level 15 in Unarmed Combat
    21 | D        | Reached skill level 15 in Spellcasting
    21 | D        | Reached skill level 17 in Invocations
    21 | D        | Killed a destroyer
    21 | D        | Reached **** piety under Makhleb
    21 | D        | Reached skill level 24 in Fighting
    21 | D        | Reached skill level 23 in Axes
    21 | D        | Reached skill level 16 in Throwing
    21 | D        | Reached skill level 24 in Armour
    21 | D        | Reached skill level 15 in Dodging
    21 | D        | Reached skill level 20 in Stealth
    21 | D        | Reached skill level 26 in Shields
    21 | D        | Reached skill level 16 in Unarmed Combat
    21 | D        | Reached skill level 16 in Spellcasting
    21 | D        | Reached skill level 19 in Invocations
    21 | D        | Reached XP level 19. HP: 182/182 MP: 15/39
    22 | D        | Noticed a meat berserker
    22 | D        | Killed a meat berserker
    22 | D        | Reached skill level 25 in Fighting
    22 | D        | Reached skill level 17 in Throwing
    22 | D        | Reached skill level 25 in Armour
    22 | D        | Reached skill level 16 in Dodging
    22 | D        | Reached skill level 21 in Stealth
    22 | D        | Reached skill level 27 in Shields
    22 | D        | Reached skill level 17 in Unarmed Combat
    22 | D        | Reached skill level 17 in Spellcasting
    22 | D        | Reached skill level 20 in Invocations
    22 | D        | Reached XP level 20. HP: 192/192 MP: 15/41
    22 | D        | Reached skill level 24 in Axes
    22 | D        | Reached skill level 18 in Throwing
    22 | D        | Reached skill level 22 in Stealth
    22 | D        | Reached skill level 18 in Unarmed Combat
    22 | D        | Reached skill level 18 in Spellcasting
    23 | D        | Reached skill level 26 in Fighting
    23 | D        | Reached skill level 26 in Armour
    23 | D        | Reached skill level 17 in Dodging
    23 | D        | Reached skill level 21 in Invocations
    23 | D        | Reached ***** piety under Makhleb
    23 | D        | Reached skill level 19 in Throwing
    23 | D        | Reached skill level 23 in Stealth
    23 | D        | Reached skill level 19 in Unarmed Combat
    23 | D        | Reached skill level 19 in Spellcasting
    24 | D        | Noticed a meat berserker
    24 | D        | Noticed a large bag of meat
    24 | D        | Noticed a destroyer
    24 | D        | Reached skill level 18 in Dodging
    24 | D        | Reached skill level 22 in Invocations
    24 | D        | Reached XP level 21. HP: 202/202 MP: 16/44
    24 | D        | Reached skill level 27 in Fighting
    24 | D        | Reached skill level 25 in Axes
    24 | D        | Reached skill level 27 in Armour
    24 | D        | Reached skill level 24 in Stealth
    24 | D        | Reached skill level 20 in Throwing
    24 | D        | Reached skill level 19 in Dodging
    24 | D        | Reached skill level 25 in Stealth
    24 | D        | Reached skill level 20 in Unarmed Combat
    24 | D        | Reached skill level 20 in Spellcasting
    24 | D        | Reached skill level 23 in Invocations
    25 | D        | Noticed a meat berserker
    25 | D        | Killed a meat berserker
    25 | D        | Reached skill level 26 in Axes
    25 | D        | Reached skill level 21 in Throwing
    25 | D        | Reached skill level 20 in Dodging
    25 | D        | Reached skill level 26 in Stealth
    25 | D        | Reached skill level 21 in Unarmed Combat
    25 | D        | Reached skill level 21 in Spellcasting
    25 | D        | Reached skill level 24 in Invocations
    25 | D        | Reached XP level 22. HP: 212/212 MP: 16/47
    25 | D        | Killed a meat berserker
    25 | D        | Reached skill level 22 in Throwing
    25 | D        | Reached skill level 27 in Stealth
    25 | D        | Reached skill level 22 in Unarmed Combat
    25 | D        | Reached skill level 22 in Spellcasting
    25 | D        | Reached skill level 25 in Invocations
    25 | D        | Reached skill level 27 in Axes
    25 | D        | Reached skill level 23 in Throwing
    25 | D        | Reached skill level 21 in Dodging
    25 | D        | Reached skill level 23 in Unarmed Combat
    25 | D        | Reached skill level 26 in Invocations
    26 | D        | Reached skill level 22 in Dodging
    26 | D        | Reached skill level 23 in Spellcasting
    26 | D        | Reached skill level 27 in Invocations
    26 | D        | Reached ****** piety under Makhleb
    26 | D        | Reached skill level 24 in Throwing
    26 | D        | Reached skill level 24 in Unarmed Combat
    26 | D        | Reached skill level 24 in Spellcasting
    26 | D        | Reached XP level 23. HP: 219/219 MP: 16/51
    26 | D        | Reached skill level 23 in Dodging
    27 | D        | Reached skill level 26 in Throwing
    27 | D        | Reached skill level 24 in Dodging
    27 | D        | Reached skill level 26 in Unarmed Combat
    27 | D        | Reached skill level 26 in Spellcasting
    27 | D        | Reached skill level 25 in Dodging
    28 | D        | Reached skill level 27 in Throwing
    28 | D        | Reached skill level 26 in Dodging
    28 | D        | Reached skill level 27 in Unarmed Combat
    28 | D        | Reached skill level 27 in Spellcasting
    28 | D        | Reached skill level 27 in Dodging
    28 | D        | Reached XP level 24. HP: 227/227 MP: 17/54
    30 | D        | Noticed a destroyer
    30 | D        | Killed a destroyer
    30 | D        | Reached XP level 25. HP: 234/234 MP: 17/54
    31 | D        | Killed a destroyer
    31 | D        | Reached XP level 26. HP: 242/242 MP: 17/54
    32 | D        | Killed a large bag of meat
    32 | D        | Reached XP level 27. HP: 249/249 MP: 18/54
    32 | D        | Killed a large bag of meat
    33 | D        | Noticed a large bag of meat
    36 | D        | Noticed a destroyer
    36 | D        | Noticed a destroyer
    38 | D        | Killed a large bag of meat
    42 | D        | Noticed a destroyer
    42 | D        | Killed a destroyer
    42 | D        | Killed a destroyer
    43 | D        | Noticed a destroyer
    43 | D        | Killed a destroyer
    45 | D        | Killed a destroyer
    49 | D        | Noticed a destroyer
    50 | D        | Killed a destroyer
    52 | D        | Noticed an accursed
    53 | D        | Noticed a tyrant
    53 | D        | Noticed a tyrant
    53 | D        | Noticed a large bag of meat
    57 | D        | Noticed a large bag of meat
    57 | D        | Killed a destroyer
    61 | D        | Noticed a destroyer
    61 | D        | Noticed a meat beast
    61 | D        | Noticed a dread
    61 | D        | Noticed a destroyer
    62 | D        | Noticed a destroyer
    62 | D        | Noticed a destroyer
    64 | D        | Noticed a dread
    65 | D        | Killed a tyrant
    65 | D        | Killed a dread
    68 | D        | Killed a destroyer
    68 | D        | Killed a destroyer
    69 | D        | Killed a dread
    71 | D        | Noticed a tyrant
    71 | D        | Killed a destroyer
    71 | D        | Killed a destroyer
    73 | D        | Killed a tyrant
    75 | D        | Noticed a dread
    79 | D        | Killed a large bag of meat
    79 | D        | Killed a tyrant
    80 | D        | Noticed a destroyer
    80 | D        | Killed a destroyer
    82 | D        | Noticed a dread
    82 | D        | Noticed a meat beast
    83 | D        | Killed an accursed
    87 | D        | Killed a large bag of meat
    87 | D        | Killed a meat beast
    88 | D        | Killed a dread
    92 | D        | Killed a dread
    97 | D        | Noticed an accursed
    98 | D        | Noticed a meat beast
    99 | D        | Killed a meat beast
   101 | D        | Noticed The Defiler
   101 | D        | HP: 56/249 [something (10)]
   101 | D        | HP: 15/249 [observer/fireball (17)]
   102 | D        | Killed from afar by an observer

Vault maps used:
D:        meatsprint

Skill      XL: |  1  2  3  4  5  6  7  8  9 10 11 12 13 14 15 16 17 18 19 20 21 22 23 |
---------------+----------------------------------------------------------------------+-----
Fighting       | 15 18 19 20 21 22 23 24 25 26 27 | 27.0
Axes           | 14 16 18 19 20 21 23 24 26 27 | 27.0
Armour         | 15 18 19 20 21 22 23 24 25 26 27 | 27.0
Shields        | 17 19 21 22 24 26 27 | 27.0
Throwing       | 4 8 12 13 16 17 19 21 24 27 | 27.0
Dodging        | 4 7 11 12 15 16 18 20 22 27 | 27.0
Stealth        | 6 10 15 17 20 21 23 26 27 | 27.0
Unarmed Combat | 4 8 12 13 16 17 19 21 24 27 | 27.0
Spellcasting   | 4 8 12 13 16 17 19 21 24 27 | 27.0
Invocations    | 5 10 14 16 19 20 22 24 27 | 27.0

Action                   |  1- 3 |  4- 6 |  7- 9 | 10-12 | 13-15 | 16-18 | 19-21 | 22-24 | 25-27 || total
-------------------------+-------+-------+-------+-------+-------+-------+-------+-------+-------++-------
Melee: Executioner's axe |     1 |       |       |     1 |     1 |     3 |     4 |     5 |    48 ||    63
Armor: Scale mail        |       |       |       |       |     1 |       |       |       |     1 ||     2
Dodge: Dodged            |       |       |       |       |       |       |       |       |     5 ||     5
Block: Shield            |       |       |       |     1 |       |       |       |       |    12 ||    13

Vault maps used:
D:        meatsprint

Table legend:
 A = Turns spent in this place as a percentage of turns spent in the entire game.
 B = Non-inter-level travel turns spent in this place as a percentage of non-inter-level travel turns spent in the entire game.
 C = Inter-level travel turns spent in this place as a percentage of turns spent in this place.
 D = Turns resting spent in this place as a percentage of non-inter-level travel turns spent in this place.
 E = Turns spent auto-exploring this place as a percentage of non-inter-level travel turns spent in this place.
 F = Non-inter-level travel turns spent in this place divided by the number of levels of this place that you've seen.
                   A       B       C       D       E      F
               +-------+-------+-------+-------+-------+----------------------
         Total | 100.0 | 100.0 |   0.0 |   0.0 |   0.0 | 209.0
       Dungeon | 100.0 | 100.0 |   0.0 |   0.0 |   0.0 | 209.0
               +-------+-------+-------+-------+-------+----------------------

Table legend:
 A = Kills in this place as a percentage of kills in entire the game.
 B = Kills by you in this place as a percentage of kills by you in the entire game.
 C = Kills by friends in this place as a percentage of kills by friends in the entire game.
 D = Other kills in this place as a percentage of other kills in the entire game.
 E = Experience gained in this place as a percentage of experience gained in the entire game.
 F = Experience gained in this place divided by the number of levels of this place that you have seen.
                   A       B       C       D       E      F
               +-------+-------+-------+-------+-------+----------------------
         Total | 100.0 | 100.0 |  -nan |  -nan | 100.0 | 4226915.0
       Dungeon | 100.0 | 100.0 |  -nan |  -nan | 100.0 | 4226915.0
               +-------+-------+-------+-------+-------+----------------------
